 Dungeon Crawl Stone Soup version 0.27-a0-1154-gfdeffcb720 (webtiles) character file.

Game seed: 6563653623651439819

55960 wakim the Unseen (level 15, -4/95 HPs)
             Began as a Kobold Brigand on May 14, 2021.
             Was a Believer of Uskayaw.
             Slain by a spriggan rider
             ... wielding a +0 spear
              (12 damage)
             ... on level 6 of the Lair of Beasts.
             The game lasted 01:28:58 (30389 turns).

wakim the Unseen (Kobold Brigand)                  Turns: 30389, Time: 01:28:59

Health: -4/95      AC: 10    Str:  9    XL:     15   Next: 20%
Magic:  21/24      EV: 28    Int: 17    God:    Uskayaw [**....]
Gold:   1955       SH:  7    Dex: 22    Spells: 17/20 levels left

rFire    + + .     SeeInvis .   a - +3 rapier (speed)
rCold    + . .     Faith    +   J - +0 buckler
rNeg     . . .     Spirit   .   m - +3 leather armour
rPois    +         Reflect  .   P - +0 hat "Agameid" {rPois Int+4}
rElec    .         Harm     .   V - scarf {rC+ rF+}
rCorr    .         Rampage  .   q - +2 pair of gloves
Will     +....                  o - +0 pair of boots
Stlth    +++++++...             S - amulet of faith
HPRegen  0.25/turn              d - ring of protection from fire
MPRegen  0.19/turn              G - +4 ring of evasion

@: no status effects
A: small, no large weapons, nightstalker 3
a: Renounce Religion, Stomp, Line Pass


You were on level 6 of the Lair of Beasts.
You worshipped Uskayaw.
Uskayaw was pleased with you.
You visited 3 branches of the dungeon, and saw 19 of its levels.
You also visited: Gauntlet.

You collected 1955 gold pieces.

Inventory:

Hand Weapons
 a - a +3 rapier of speed (weapon)
 b - the +9 dagger of Fee Simple {venom, Int+6}
   (You took it off a minotaur in a Gauntlet)

   It poisons the flesh of those it strikes.
   It affects your intelligence (+6).
Missiles
 e - 14 curare-tipped darts (quivered) {=f}
 h - 3 throwing nets {=f!f}
 i - 19 boomerangs
 s - 6 atropa-tipped darts
 u - 73 poisoned darts
Armour
 m - a +3 leather armour (worn)
 o - a +0 pair of boots (worn)
 q - a +2 pair of gloves (worn)
 J - a +0 buckler (worn)
 P - the +0 hat "Agameid" (worn) {rPois Int+4}
   (You found it in a Gauntlet)

   It affects your intelligence (+4).
   It protects you from poison.
 V - a scarf of resistance (worn)
Jewellery
 c - a ring of positive energy
 d - a ring of protection from fire (left hand)
 f - a ring of poison resistance
 g - a +4 ring of evasion
 l - an amulet of reflection
 n - a ring of flight
 p - a ring of positive energy
 z - a ring of protection from fire
 G - a +4 ring of evasion (right hand)
 Q - a +4 ring of evasion
 S - an amulet of faith (around neck)
Wands
 k - a wand of charming (16)
 t - a wand of digging (8)
 v - a wand of flame (21)
 w - a wand of acid (21)
 x - a wand of iceblast (6)
 y - a wand of paralysis (8)
Scrolls
 j - a scroll of enchant armour
 r - 4 scrolls of identify
 E - 4 scrolls of enchant weapon
 K - a scroll of torment {!r}
 R - 3 scrolls of magic mapping {!r}
 T - 6 scrolls of teleportation
 U - a scroll of fear
 X - 3 scrolls of fog
 Y - 4 scrolls of blinking {!r}
 Z - 2 scrolls of silence {!r}
Potions
 A - 3 potions of ambrosia
 B - 4 potions of attraction {!q}
 C - a potion of berserk rage {!q}
 D - a potion of brilliance
 F - 3 potions of curing
 H - a potion of haste
 I - 2 potions of invisibility
 L - 5 potions of lignification {!q}
 M - 7 potions of mutation {!q}
 N - a potion of might
 O - a potion of resistance


   Skills:
 + Level 11.6 Fighting
 - Level 14.0 Short Blades
 - Level 2.1 Throwing
 + Level 12.2 Dodging
 + Level 15.0 Stealth
 - Level 5.6 Shields
 - Level 3.0 Spellcasting
 - Level 3.0 Air Magic
 * Level 12.1 Invocations
 - Level 6.0 Evocations


You had 17 spell levels left.
You knew the following spells:

 Your Spells              Type           Power      Damage    Failure   Level
s - Swiftness             Air            12%        N/A       22%         3

Your spell library contained the following spells:

 Spells                   Type           Power      Damage    Failure   Level
 Shock                    Conj/Air       28%        1d4       13%         1
 Poisonous Vapours        Pois/Air       14%        N/A       21%         2
 Static Discharge         Conj/Air       7%         N/A       21%         2
 Freeze                   Ice            8%         1d3       24%         1
 Sandblast                Erth           4%         2d4       24%         1
 Blink                    Tloc           N/A        N/A       36%         2
 Passwall                 Tmut/Erth      1%         N/A       36%         2
 Searing Ray              Conj           4%         3d3       36%         2
 Sublimation of Blood     Necr           1%         N/A       36%         2
 Mephitic Cloud           Conj/Pois/Air  5%         N/A       43%         3
 Airstrike                Air            6%         N/A       56%         4
 Conjure Flame            Conj/Fire      2%         6-21      58%         3
 Frozen Ramparts          Ice            4%         1d2       58%         3
 Ignite Poison            Fire/Tmut/Pois 2%         N/A       58%         3
 Ozocubu's Armour         Ice            2%         N/A       58%         3
 Stone Arrow              Conj/Erth      4%         3d7       58%         3
 Animate Armour           Summ/Erth      4%         N/A       94%         4
 Hailstorm                Conj/Ice       2%         3d3       94%         4
 Ice Form                 Ice/Tmut       2%         N/A       94%         4
 Iskenderun's Mystic Bla  Conj/Tloc      2%         2d3       94%         4
 Leda's Liquefaction      Hex/Erth       1%         N/A       94%         4
 Petrify                  Tmut/Erth      2%         N/A       94%         4
 Summon Ice Beast         Ice/Summ       2%         N/A       94%         4
 Lightning Bolt           Conj/Air       3%         1d15      98%         5
 Alistair's Intoxication  Tmut/Pois      1%         N/A       100%        5
 Bolt of Magma            Conj/Fire/Erth 1%         4d4       100%        5
 Borgnjor's Vile Clutch   Necr/Erth      1%         N/A       100%        5
 Irradiate                Conj/Tmut      1%         3d14      100%        5
 Lee's Rapid Deconstruct  Erth           1%         3d5*      100%        5
 Metabolic Englaciation   Hex/Ice        1%         N/A       100%        5
 Eringya's Noxious Bog    Tmut/Pois      1%         N/A       100%        6
 Freezing Cloud           Conj/Ice/Air   2%         6-21      100%        6
 Iron Shot                Conj/Erth      1%         9d1       100%        6
 Simulacrum               Ice/Necr       1%         N/A       100%        6
 Starburst                Conj/Fire      1%         8x6d3     100%        6
 Statue Form              Tmut/Erth      1%         N/A       100%        6
 Malign Gateway           Summ/Tloc      1%         N/A       100%        7
 Ozocubu's Refrigeration  Ice            1%         4d5       100%        7
 Shatter                  Erth           1%         3d5*      100%        9


Dungeon Overview and Level Annotations

Branches:
Dungeon (12/15)            Temple (1/1) D:5            Lair (6/6) D:11
 Shoals (0/4) Lair:3       Spider (0/4) Lair:4        Slime (0/5) Lair:5
    Orc (0/2) D:10        Gauntlet (visited)

Altars:
Ashenzari
Cheibriados
Dithmenos
Fedhas
Hepliaklqana
Kikubaaqudgha
Makhleb
Okawaru
Ru
Uskayaw
Wu Jian
Zin
Jiyva

Annotations:
D:10 invisible
Lair:2 1 exclusion


Innate Abilities, Weirdness & Mutations

You are small and have problems with some larger weapons.
You are completely attuned to the shadows.


Message History

You hit the spriggan rider.
The spriggan rider is lightly wounded.
You closely miss the spriggan rider.
The spriggan rider is lightly wounded.
You closely miss the spriggan rider.
The spriggan rider is lightly wounded.
The spriggan rider hits you with a +0 spear!!
* * * LOW HITPOINT WARNING * * *
You block the spriggan rider's attack. You block the spriggan rider's attack.
Unknown command.
The spriggan rider hits you with a +0 spear!
* * * LOW HITPOINT WARNING * * *
The spriggan rider completely misses you.
Aiming: Line Pass
Press: ? - help, Dir - move target The spriggan rider appears confused.
You can no longer pass through a line of other dancers.
The spriggan rider misses you.
The spriggan rider completely misses the spriggan rider.
The spriggan rider hits itself with a +0 spear!!
You hit the spriggan rider.
The spriggan rider is heavily wounded.
You hit the spriggan rider but do no damage.
The spriggan rider is heavily wounded.
Unknown command.
You catch the helpless spriggan rider completely off-guard!
You spit the spriggan rider like a pig!!!
You kill the spriggan rider!
You kill the hornet!
The spriggan rider hits you with a +0 spear!!
* * * LOW HITPOINT WARNING * * *
You can now pass through a line of other dancers.
You feel better.
The spriggan rider hits you with a +0 spear.
* * * LOW HITPOINT WARNING * * *
The spriggan rider misses you.
The spriggan rider hits you from afar with a +0 spear.
* * * LOW HITPOINT WARNING * * *
The spriggan rider hits you from afar with a +0 spear!
You die...

##..♣♣ ♣♣♣♣♣♣.....♣♣♣♣♣
#....♣♣♣†......♣♣.....♣♣
##..♣♣.††.†.♣♣♣♣♣♣♣♣.....
#..♣♣♣♣♣♣♣).♣♣ ♣♣....
####...♣ ♣♣..♣♣♣♣ ♣♣....
#.##...♣
♣♣♣......♣♣♣♣..♣♣.
##...†#♣ ♣...♣♣♣♣.....♣♣♣
♣ #.......♣ ♣..♣♣ ♣♣♣♣.♣♣
###........ ♣@♣♣ ♣♣♣
####...)...... ♣..♣♣
#.#........P.. ♣♣i.♣
#.....#...... ♣.h♣♣♣♣♣♣
♣♣ #......#P#.P
♣♣.i)♣♣.♣..♣ .....#####
♣♣♣♣i...... .....#
♣....... .....# ♣♣♣.....
...### ♣.$.♣♣


You could see a spriggan rider, a spriggan and a wolf.

Vanquished Creatures
  Gastronok (Lair:2)
  Nessos (Lair:6)
  A minotaur (Gauntlet)
  Josephine (D:10)
  Harold (D:7)
  Erolcha (D:10)
  5 hydras
  A catoblepas (Lair:2)
  2 boulder beetles
  A vault guard (D:12)
  2 two-headed ogres (D:10)
  A death knight (D:12)
  5 death yaks (Lair:6)
  Nergalle (Lair:1)
  A glowing orange brain (Gauntlet)
  Pikel (D:7)
  A lindwurm (Lair:1)
  A deep elf pyromancer (D:12)
  3 ugly things
  A cyclops (D:11)
  3 elephants (Lair:5)
  2 manticores
  5 black mambas
  Joseph (D:7)
  19 cane toads
  A torpor snail (Lair:6)
  2 gargoyles
  11 komodo dragons
  2 rime drakes
  A tyrant leech (Gauntlet)
  A slime creature (D:10)
  4 polar bears
  2 hornets (Lair:6)
  A wind drake (Lair:3)
  10 blink frogs
  3 spriggans (Lair:6)
  A shadow (D:11)
  4 wyverns
  A vampire (D:11)
  9 wraiths
  29 yaks
  2 basilisks
  4 vampire mosquitoes
  Menkaure (D:5)
  2 acid dragons
  3 swamp worms (Gauntlet)
  Edmund (D:5)
  14 water moccasins
  5 black bears
  4 orc warriors
  A hornet zombie (D:8)
  2 sky beasts
  A necrophage (D:7)
  3 centaurs
  32 wolves
  2 ogres (D:5)
  A lemure (D:7)
  2 kobold brigands
  19 bullfrogs
  9 scorpions
  2 water moccasin zombies (D:5)
  9 wights
  An electric eel (Lair:4)
  2 centaur zombies
  6 hounds
  8 jellies
  Crazy Yiuf (D:7)
  13 orc priests
  2 gnoll shamans
  3 iguanas
  A scorpion zombie (D:5)
  Natasha (thrice) (D:3)
  7 orc wizards
  4 hell rats (Lair:2)
  A hound skeleton (D:4)
  A mummy (D:6)
  3 howler monkey zombies
  6 gnolls
  7 adders
  A shadow imp (D:5)
  A white imp (D:7)
  2 ufetubi
  4 worms
  8 dart slugs
  56 orcs
  9 ball pythons
  8 endoplasms
  6 giant cockroaches
  A goblin (D:2)
  6 hobgoblins
  12 jackals
  15 kobolds
  A quokka (D:3)
  4 bats
  6 frilled lizards
  5 rats
477 creatures vanquished.

Vanquished Creatures (others)
  An unseen horror (D:11)
  A basilisk (Lair:2)
  42 fungi
  99 plants
143 creatures vanquished.

Grand Total: 620 creatures vanquished

Notes
Turn   | Place    | Note
-------+----------+-------------------------------------------
     0 | D:1      | wakim the Kobold Brigand began the quest for the Orb.
     0 | D:1      | Reached XP level 1. HP: 12/12 MP: 1/1
   109 | D:1      | Reached XP level 2. HP: 18/18 MP: 2/2
   285 | D:1      | Reached XP level 3. HP: 11/22 MP: 3/3
   640 | D:1      | Found a faded altar of an unknown god.
  1206 | D:2      | Reached XP level 4. HP: 15/27 MP: 4/4
  2340 | D:3      | Noticed Natasha
  2350 | D:3      | Reached skill level 6 in Stealth
  2768 | D:3      | Killed Natasha
  2769 | D:3      | Reached XP level 5. HP: 13/32 MP: 5/5
  2963 | D:3      | Noticed Natasha
  2968 | D:3      | Killed Natasha
  3124 | D:3      | Reached skill level 5 in Short Blades
  3136 | D:3      | Reached XP level 6. HP: 27/37 MP: 6/6
  3445 | D:4      | Identified a scroll of acquirement
  3445 | D:4      | Acquired a +2 rapier of speed
  3830 | D:4      | Noticed a yak
  3834 | D:4      | Noticed a yak
  3835 | D:4      | Noticed a yak
  3836 | D:4      | Noticed a yak
  3984 | D:4      | Noticed a yak
  4711 | D:3      | Killed a yak
  4712 | D:3      | Reached XP level 7. HP: 40/42 MP: 7/7
  4786 | D:3      | Noticed Natasha
  5263 | D:4      | Reached skill level 7 in Stealth
  5405 | D:5      | Entered Level 5 of the Dungeon
  5475 | D:5      | Found a staircase to the Ecumenical Temple.
  5481 | Temple   | Entered the Ecumenical Temple
  5496 | Temple   | Became a worshipper of Uskayaw the Reveller
  5539 | D:5      | Reached * piety under Uskayaw
  5637 | D:5      | Found an iron altar of Okawaru.
  5897 | D:5      | Noticed Edmund
  5901 | D:5      | Killed Edmund
  5901 | D:5      | Reached ** piety under Uskayaw
  5902 | D:5      | Reached XP level 8. HP: 48/48 MP: 8/8
  6196 | D:5      | Noticed Menkaure
  6342 | D:5      | Killed Menkaure
  6343 | D:5      | Reached skill level 5 in Fighting
  6343 | D:5      | Reached skill level 5 in Dodging
  6343 | D:5      | Reached skill level 8 in Stealth
  6447 | D:5      | Reached *** piety under Uskayaw
  7255 | D:6      | Found a burning altar of Makhleb.
  7261 | D:6      | Found a hazy altar of Hepliaklqana.
  7295 | D:5      | Reached XP level 9. HP: 49/54 MP: 9/9
  7571 | D:6      | Reached skill level 1 in Shields
  8174 | D:6      | Found a sacrificial altar of Ru.
  8175 | D:6      | Found an ornate altar of the Wu Jian Council.
  8319 | D:6      | Found a snail-covered altar of Cheibriados.
  8428 | D:6      | Found a glowing silver altar of Zin.
  8428 | D:6      | Found an ancient bone altar of Kikubaaqudgha.
  8547 | D:7      | Noticed Harold
  8910 | D:3      | Reached skill level 9 in Stealth
  9061 | D:3      | Reached skill level 10 in Short Blades
  9736 | D:7      | Noticed a gargoyle
  9751 | D:7      | Reached **** piety under Uskayaw
  9754 | D:7      | Reached XP level 10. HP: 46/61 MP: 10/10
  9764 | D:7      | Found a transporter.
  9921 | D:7      | Noticed a gargoyle
 10485 | D:7      | Noticed Pikel
 10488 | D:7      | Killed Pikel
 10489 | D:7      | Reached skill level 1 in Invocations
 10502 | D:7      | Noticed Joseph
 10506 | D:7      | Killed Joseph
 10507 | D:7      | Reached skill level 10 in Stealth
 10563 | D:7      | Found a runed translucent door.
 10566 | D:7      | Noticed Crazy Yiuf
 10777 | D:7      | Killed Crazy Yiuf
 10871 | D:7      | Found a transporter.
 10905 | D:7      | Killed Harold
 11166 | D:7      | Found an iron altar of Okawaru.
 11451 | D:3      | Killed Natasha
 11829 | D:8      | Reached XP level 11. HP: 67/67 MP: 12/12
 11941 | D:8      | Identified the Tome of Ashen Orientation
 12033 | D:8      | Reached skill level 5 in Shields
 12268 | D:8      | Noticed a manticore
 12285 | D:8      | Killed a manticore
 14130 | D:9      | Learned a level 3 spell: Swiftness
 14257 | D:10     | Entered Level 10 of the Dungeon
 14542 | D:10     | Found a staircase to the Orcish Mines.
 15586 | D:10     | Noticed Josephine
 15590 | D:10     | Killed Josephine
 15591 | D:10     | Reached skill level 11 in Stealth
 15814 | D:10     | Noticed Erolcha
 15815 | D:10     | Found a viscous altar of Jiyva.
 15832 | D:10     | Killed Erolcha
 16612 | D:11     | Reached XP level 12. HP: 28/75 MP: 15/15
 16917 | D:10     | Noticed a two-headed ogre
 16927 | D:10     | Killed a two-headed ogre
 16962 | D:11     | Noticed a two-headed ogre
 16978 | D:10     | Killed a two-headed ogre
 16979 | D:10     | Reached skill level 5 in Invocations
 18051 | D:11     | Found a staircase to the Lair.
 18209 | D:12     | Reached skill level 12 in Stealth
 18430 | D:12     | Noticed a death knight
 18458 | D:12     | Killed a death knight
 18542 | D:12     | Noticed a vault guard
 18563 | D:12     | Killed a vault guard
 18564 | D:12     | Reached skill level 1 in Evocations
 18755 | Lair:1   | Entered Level 1 of the Lair of Beasts
 19312 | Lair:1   | Noticed an eight-headed hydra
 19316 | Lair:1   | Killed an eight-headed hydra
 19649 | Lair:1   | Reached ***** piety under Uskayaw
 19667 | Lair:1   | Reached skill level 10 in Dodging
 19667 | Lair:1   | Reached XP level 13. HP: 67/80 MP: 18/18
 19675 | Lair:1   | Reached ****** piety under Uskayaw
 20037 | Lair:1   | Noticed Nergalle
 20041 | Lair:1   | Killed Nergalle
 20580 | Lair:2   | Noticed Gastronok
 20605 | Lair:2   | Killed Gastronok
 20606 | Lair:2   | Reached skill level 13 in Stealth
 20614 | Lair:2   | Upgraded the game from 0.27-a0-1149-g4505690ab0 to
                  | 0.27-a0-1154-gfdeffcb720
 20884 | Lair:2   | Reached skill level 10 in Fighting
 20892 | Lair:2   | Noticed an eight-headed hydra
 21243 | Lair:1   | Killed an eight-headed hydra
 21576 | Lair:2   | Reached skill level 5 in Evocations
 21683 | Lair:2   | Noticed a catoblepas
 21708 | Lair:2   | Killed a catoblepas
 22654 | Lair:2   | Noticed an eight-headed hydra
 22655 | Lair:2   | Found the +2 Maxwell's thermic engine {flame, freeze}
 22656 | Lair:2   | Killed an eight-headed hydra
 22935 | Lair:2   | Noticed a boulder beetle
 22960 | Lair:2   | Killed a boulder beetle
 23221 | Lair:2   | Reached XP level 14. HP: 34/88 MP: 21/21
 23469 | Lair:2   | Acquired 464 gold pieces
 23496 | Lair:3   | Identified the Compendium of Harmful Earth
 23573 | Lair:3   | Reached skill level 10 in Invocations
 23613 | Lair:3   | Found a staircase to the Shoals.
 24068 | Lair:3   | You fall into a shaft and drop 1 floor!
 24075 | Lair:4   | Identified the +0 pair of gloves of the Present {Str+2}
 24434 | Lair:3   | Reached skill level 14 in Stealth
 24906 | Lair:4   | Identified the +4 plate armour of Dim Light {Contam rF-
                  | Slay+4 SInv}
 24909 | Lair:4   | Found a hole to the Spider Nest.
 27065 | Lair:5   | Reached skill level 1 in Spellcasting
 27100 | Lair:5   | Found a gate leading to a gauntlet.
 27156 | Gauntlet | Entered a Gauntlet
 27156 | Gauntlet | Found a transporter.
 27168 | Gauntlet | Found a transporter.
 27181 | Gauntlet | Found a transporter.
 27181 | Gauntlet | Found a transporter.
 27197 | Gauntlet | Found a transporter.
 27275 | Gauntlet | Found a transporter.
 27293 | Gauntlet | Found a transporter.
 27293 | Gauntlet | Found a transporter.
 27309 | Gauntlet | Found a transporter.
 27328 | Gauntlet | Found a transporter.
 27328 | Gauntlet | Found a transporter.
 27344 | Gauntlet | Found a transporter.
 27508 | Gauntlet | Reached skill level 1 in Air Magic
 28095 | Gauntlet | Identified the +0 hat "Agameid" {rPois Int+4}
 28149 | Gauntlet | Identified the +9 dagger of Fee Simple {venom, Int+6}
 28149 | Gauntlet | Noticed a minotaur
 28167 | Gauntlet | Killed a minotaur
 28741 | Lair:5   | Found a runed translucent door.
 28741 | Lair:5   | Found a viscous altar of Jiyva.
 28742 | Lair:5   | Found a staircase to the Slime Pits.
 29291 | Lair:6   | Entered Level 6 of the Lair of Beasts
 29310 | Lair:6   | Noticed Nessos
 29314 | Lair:6   | Killed Nessos
 30109 | Lair:6   | Reached XP level 15. HP: 95/95 MP: 23/23
 30371 | Lair:6   | Reached skill level 15 in Stealth
 30389 | Lair:6   | Slain by a spriggan rider

Illustrated notes

Levels and vault maps discovered:
D:1:      minmay_arrival_checkered_box, layout_rooms,
          chequers_ecumenical_altar_island, corexii_hall_statues_l,
          minmay_misc_feat_alley
D:2:      cheibrodos_helix_gallery, layout_basic, minmay_cupped
D:3:      minmay_angry_zag, layout_basic, corexii_shack, uniq_natasha
D:4:      layout_rooms
D:5:      wad_river_or_something, layout_loops_ring, lemuel_round_altar,
          minmay_temple_entry_gardened_gates, uniq_menkaure, uniq_edmund
D:6:      layout_basic, chequers_temple_overflow_statue_of_worship,
          slow_altar_2, gammafunk_temple_overflow_elements, serial_glass,
          glass_columns_c, glass_columns_c
D:7:      gammafunk_the_bubble [the_bubble_gammafunk_plus_minus],
          layout_loops_ring, chequers_serial_rivers_small_b,
          david_defended_altar_orc, uniq_harold, uniq_joseph, uniq_pikel,
          uniq_crazy_yiuf_cottage
D:8:      layout_loops_ring, minmay_diamond_spiral
D:9:      layout_irregular_city
D:10:     layout_irregular_city, hiddenorc2_lemuel, jiyva_altar_1, uniq_erolcha,
          uniq_josephine
D:11:     layout_loops_ring, lair_entry_dummy
D:12:     layout_loops_ring, enter_trove_5
Temple:   jpeg_temple_clearing
Lair:1:   layout_regular_city, beast_lair_carwin_5, grunt_megastairs_4,
          uniq_nergalle
Lair:2:   nzn_winding_woodlands_cross [nzn_winding_woodlands_5x15_split_checker,
          nzn_winding_woodlands_5x15_jagged,
          nzn_winding_woodlands_5x15_pathside_ponds,
          nzn_winding_woodlands_5x15_pockets,
          nzn_winding_woodlands_15x15_boxy_spiral], layout_concentric_octagons,
          lemuel_fruit_fields, uniq_gastronok
Lair:3:   layout_chaotic_city, minmay_shoals_entry_beasts, serial_bayou_shore_a
Lair:4:   layout_loops_ring, nicolae_spider_entry_non_spiders,
          serial_bayou_lagoon_a
Lair:5:   layout_regular_city, slime_altar_2, gauntlet_entry_generic
Lair:6:   minmay_lair_end_enchanted_forest, layout_concentric_octagons,
          lemuel_fruit_tree, uniq_nessos

Skill      XL: |  1  2  3  4  5  6  7  8  9 10 11 12 13 14 15 |
---------------+----------------------------------------------+-----
Short Blades   | 3 4 5 6 7 9 10 11 13 14 | 14.0
Dodging        | 2 3 4 5 6 7 8 10 11 12 | 12.2
Stealth        | 6 7 8 9 10 11 12 13 14 15 | 15.0
Fighting       | 3 4 5 6 7 8 9 10 11 | 11.6
Shields        | 3 4 5 |  5.6
Invocations    | 2 4 7 9 11 12 | 12.1
Evocations     | 2 5 6 |  6.0
Spellcasting   | 2 3 |  3.0
Air Magic      | 2 3 |  3.0
Throwing       | |  2.1

Action                   |  1- 3 |  4- 6 |  7- 9 | 10-12 | 13-15 || total
-------------------------+-------+-------+-------+-------+-------++-------
Melee: Dagger            |    94 |       |       |       |     8 ||   102
       Short sword       |     8 |   132 |   232 |    31 |       ||   403
       Rapier            |       |       |    47 |   678 |   944 ||  1669
Throw: Boomerang         |       |       |    17 |    12 |     6 ||    35
       Dart              |       |       |     5 |     9 |    14 ||    28
Invok: Line Pass         |       |       |     1 |     1 |    16 ||    18
       Grand Finale      |       |       |       |       |     1 ||     1
Evoke: Wand              |       |       |     1 |    11 |    20 ||    32
  Use: Scroll            |       |     8 |     6 |     4 |     4 ||    22
       Potion            |       |       |       |     9 |     4 ||    13
 Stab: Sleeping          |    14 |    17 |    20 |    34 |    43 ||   128
       Distracted        |       |     1 |     2 |     2 |     6 ||    11
       Paralysed         |       |       |     3 |    21 |    39 ||    63
       Confused          |       |       |       |     1 |    16 ||    17
       Invisible         |       |       |       |       |     3 ||     3
Armor: Robe              |     8 |       |       |       |       ||     8
       Leather armour    |    10 |    23 |    46 |    76 |    79 ||   234
Dodge: Dodged            |    52 |    66 |   151 |   203 |   391 ||   863
Block: Buckler           |       |       |    32 |   152 |   297 ||   481
       Reflection        |       |       |       |     9 |     2 ||    11

Table legend: (Time is in decaauts)
 A = Elapsed time spent in this place.
 B = Non-inter-level travel time spent in this place.
 C = Inter-level travel time spent in this place.
 D = Time resting spent in this place.
 E = Time spent auto-exploring this place.
 F = Levels seen in this place.
 G = Mean time per level.
                   A        B        C        D        E       F      G
               +--------+--------+--------+--------+--------+-----+--------+
         Total |  29285 |  27469 |   1816 |   3765 |  18773 |  20 | 1464.2 |
       Dungeon |  18639 |  17126 |   1513 |   2363 |  11711 |  12 | 1553.2 |
        Temple |    164 |    150 |     14 |    128 |     10 |   1 |  164.0 |
          Lair |   9276 |   8987 |    289 |    878 |   6539 |   6 | 1546.0 |
      Gauntlet |   1205 |   1205 |      0 |    396 |    512 |   1 | 1205.0 |
               +--------+--------+--------+--------+--------+-----+--------+

Top non-repeatable levels by time:
     D:7: 2297 daAuts
     D:3: 2252 daAuts
    D:10: 2244 daAuts
  Lair:2: 2208 daAuts
     D:6: 2024 daAuts
  Lair:3: 2007 daAuts
    D:11: 1811 daAuts
  Lair:1: 1807 daAuts
     D:5: 1604 daAuts
     D:2: 1501 daAuts
     D:8: 1373 daAuts
  Lair:4: 1295 daAuts
Gauntlet: 1205 daAuts
     D:9: 1130 daAuts
     D:4: 1079 daAuts
